 Dungeon Crawl Stone Soup version 0.18.1-8-gdd0e5ea (webtiles) character file.

1107 Scarto the Skirmisher (level 8, -1/63 HPs)
             Began as a Demonspawn Fighter on May 23, 2016.
             Was a Believer of Trog.
             Slain by an orc warrior
             ... wielding a +0 war axe
              (5 damage)
             ... on level 6 of the Dungeon on May 24, 2016.
             The game lasted 00:10:47 (4339 turns).

Scarto the Skirmisher (Demonspawn Fighter)          Turns: 4339, Time: 00:10:47

Health: -1/63      AC: 10    Str: 20    XL:     8   Next: 11%
Magic:  7/7        EV:  1    Int:  7    God:    Trog [**....]
Gold:   249        SH: 10    Dex: 14    Spells: 0 memorised, 7 levels left

rFire  + . .     SeeInvis .     a - +0 war axe
rCold  . . .     Gourm    .     d - +0 chain mail
rNeg   . . .     Faith    .     c - +0 shield
rPois  +         Spirit   .     (helmet restricted)
rElec  .         Dismiss  .     (no cloak)
rCorr  .         Reflect  .     (no gloves)
SustAt .         Harm     .     (no boots)
MR     .....                    (no amulet)
Stlth  ..........               (no ring)
                                s - ring of poison resistance

@: not resistant to hostile enchantments, extremely unstealthy
A: horns 1, talons 1, icy blue scales 1, agile 1, dopey 1, fire resistance 1,
low mp 1, spiny 1, evolution 1
a: Berserk, Trog's Hand, Burn Spellbooks, Renounce Religion


You were on level 6 of the Dungeon.
You worshipped Trog.
Trog was pleased with you.
You were not hungry.

You visited 1 branch of the dungeon, and saw 6 of its levels.

You collected 249 gold pieces.

Inventory:

Hand Weapons
 a - a +0 war axe (weapon)
Armour
 b - a +0 scale mail
 c - a +0 shield (worn)
 d - a +0 chain mail (worn)
Jewellery
 s - a ring of poison resistance (left hand)
Scrolls
 h - a scroll of immolation {unknown}
 l - a scroll of enchant armour {unknown}
 n - 6 scrolls of remove curse
 v - 2 scrolls of enchant weapon {unknown}
Potions
 e - a potion of cancellation
 i - a potion of curing
 j - 2 potions of degeneration {unknown}
 m - a potion of lignification {unknown}
 o - a potion of haste {unknown}
 p - 2 potions of ambrosia {unknown}
 q - a potion of berserk rage {unknown}
 r - a potion of brilliance
 u - a potion of agility
Comestibles
 f - a bread ration
 k - 7 fruits
 t - 2 meat rations
 w - 2 chunks of flesh


   Skills:
 + Level 5.5 Fighting
 + Level 4.3 Axes
 + Level 5.0 Armour
 + Level 2.4 Dodging
 + Level 4.7 Shields


You had 7 spell levels left.
You didn't know any spells.

Dungeon Overview and Level Annotations

Branches:
Dungeon (6/15)
 Temple: D:4-7

Altars:
Ashenzari
Fedhas
Nemelex Xobeh
Okawaru
Sif Muna
Trog
Xom
Yredelemnul

Shops:
D:6 *


Innate Abilities, Weirdness & Mutations

You have sharp toenails.
You are partially covered in icy blue scales (AC +1).
You are partially covered in sharp spines.
You have a pair of small horns on your head.
You are agile. (Dex +2)
You are dopey. (Int -2)
Your flesh is heat resistant.
Your magical capacity is low (-10% MP).
You evolve.


Message History

You see here 12 gold pieces.
Your shield and chain mail prevent you from hitting something.
You claw something. Something blocks your attack. Something hits you!
You hit something but do no damage. Something blocks your attack.
You headbutt something. You block something's attack.
You barely miss something. Your kick misses something. Something hits you!
You closely miss something. Something blocks your attack.
You block something's attack. Something hits you but does no damage.
You miss something. You claw something. You block something's attack.
You hit something. Your kick misses something. Your headbutt misses something.
Something hits you!
You miss something. Something blocks your attack. Something hits you!!
* * * LOW HITPOINT WARNING * * *
Something hits you!
* * * LOW HITPOINT WARNING * * *
Things that are here:
a dagger; a robe; a leather armour
There is a stone staircase leading up here.
Something hits you.
You die...

##..[...##.#
#[.........# #.
#..........#
....#..........#
........∩...##.....
#.#.###.....# .####
#. #).).)# .#
#.###..#)## #
...#...@).#.#
#......))..$#
#......#.####
#...##..... #..
###.### .. #.# .
#.# ..# ###


There were no monsters in sight!

Vanquished Creatures
  An ice beast (D:5)
  2 ogres
  A jelly (D:5)
  A giant frog zombie (D:5)
  2 hounds
  6 orc priests
  Crazy Yiuf (D:2)
  Jessica (D:2)
  Ijyb (D:2)
  An iguana (D:5)
  Natasha (twice) (D:2)
  3 orc wizards
  3 worker ants (D:4)
  6 adders
  7 gnolls
  A shadow imp (D:5)
  An adder skeleton (D:4)
  A worm (D:3)
  2 giant geckos
  10 orcs
  2 ball pythons
  3 giant cockroaches
  11 goblins
  8 hobgoblins
  4 jackals (D:3)
  5 kobolds
  5 quokkas
  9 bats
  A giant gecko zombie (D:5)
  5 giant newts
  A quokka zombie (D:5)
  8 rats
  A fungus (D:2)
116 creatures vanquished.

Notes
Turn   | Place    | Note
--------------------------------------------------------------
     0 | D:1      | Scarto the Demonspawn Fighter began the quest for the Orb.
     0 | D:1      | Reached XP level 1. HP: 18/18 MP: 1/1
   215 | D:1      | Gained mutation: You are partially covered in icy blue scales (AC +1). [demonic ancestry]
   215 | D:1      | Reached XP level 2. HP: 22/24 MP: 2/2
   555 | D:1      | Reached XP level 3. HP: 29/29 MP: 3/3
   644 | D:2      | Noticed Ijyb
   663 | D:2      | Killed Ijyb
   714 | D:2      | Reached XP level 4. HP: 33/37 MP: 4/4
   872 | D:2      | Noticed Jessica
   883 | D:2      | Killed Jessica
   924 | D:2      | Noticed Natasha
   927 | D:2      | Found a bloodstained altar of Trog.
   933 | D:2      | Killed Natasha
   952 | D:2      | Became a worshipper of Trog the Wrathful
   955 | D:2      | Found a shimmering altar of Xom.
   964 | D:2      | Gained mutation: You have sharp toenails. [demonic ancestry]
   964 | D:2      | Reached XP level 5. HP: 16/42 MP: 5/5
  1146 | D:2      | Noticed Natasha
  1150 | D:2      | Killed Natasha
  1208 | D:2      | Found a blossoming altar of Fedhas.
  1237 | D:2      | Found a basalt altar of Yredelemnul.
  1548 | D:2      | Noticed Crazy Yiuf
  1555 | D:2      | Killed Crazy Yiuf
  1755 | D:3      | Gained mutation: You evolve. [potion of mutation]
  1755 | D:3      | Gained mutation: You have a pair of small horns on your head. [potion of mutation]
  1756 | D:3      | Gained mutation: You are agile. (Dex +2) [potion of mutation]
  1756 | D:3      | Gained mutation: Your magical capacity is low (-10% MP). [potion of mutation]
  1756 | D:3      | Gained mutation: Your flesh is heat resistant. [potion of mutation]
  1816 | D:3      | Reached * piety under Trog
  1843 | D:3      | Found a shattered altar of Ashenzari.
  1997 | D:3      | Found an iron altar of Okawaru.
  2042 | D:3      | Found a deep blue altar of Sif Muna.
  2325 | D:4      | Reached XP level 6. HP: 45/48 MP: 5/5
  2613 | D:4      | Reached skill level 1 in Dodging
  2781 | D:4      | Gained mutation: You are dopey. (Int -2) [evolution]
  3155 | D:4      | Gained mutation: You are partially covered in sharp spines. [demonic ancestry]
  3155 | D:4      | Reached XP level 7. HP: 54/55 MP: 6/6
  3198 | D:5      | Entered Level 5 of the Dungeon
  3252 | D:5      | Reached ** piety under Trog
  3267 | D:5      | HP: 1/55 [acid (7)]
  3519 | D:5      | Reached skill level 5 in Fighting
  3607 | D:5      | Found a sparkling altar of Nemelex Xobeh.
  3794 | D:5      | Found a bloodstained altar of Trog.
  4041 | D:6      | Found Laxy's General Store.
  4064 | D:6      | Reached XP level 8. HP: 24/63 MP: 7/7
  4182 | D:6      | Reached skill level 5 in Armour
  4335 | D:6      | HP: 3/63 [something (9)]
  4339 | D:6      | Slain by an orc warrior

Skill      XL: |  1  2  3  4  5  6  7  8 |
---------------+-------------------------+-----
Axes           | 2 3 4 |  4.3
Armour         | 3 4 5 |  5.0
Shields        | 3 4 |  4.7
Fighting       | 4 5 |  5.5
Dodging        | 1 2 |  2.4

Action                   |  1- 3 |  4- 6 |  7- 9 || total
-------------------------+-------+-------+-------++-------
Melee: War axe           |    98 |   181 |    81 ||   360
       Kick              |       |    42 |    29 ||    71
       Headbutt          |       |    14 |    17 ||    31
  Use: Potion            |       |     7 |     5 ||    12
       Scroll            |       |    10 |     2 ||    12
  Eat: Chunk             |       |     3 |     2 ||     5
       Bread ration      |       |     1 |     1 ||     2
Armor: Scale mail        |    67 |    22 |       ||    89
       Chain mail        |       |    83 |    37 ||   120
Dodge: Dodged            |    28 |    57 |    18 ||   103
Block: Shield            |    51 |   107 |    58 ||   216
